 Dungeon Crawl Stone Soup version 0.30-a0-728-gc68057be0a (webtiles) character file.

Game seed: 7100366374938034496

426 NinjaNoafa the Shield-Bearer (level 6, -2/47 (53) HPs)
             Began as a Hill Orc Fighter on Jan 30, 2023.
             Was a Priest of Kikubaaqudgha.
             Slain by a wight
             ... wielding a +0 falchion
              (8 damage)
             ... on level 4 of the Dungeon.
             The game lasted 00:06:38 (3473 turns).

NinjaNoafa the Shield-Bearer (Hill Orc Fighter)     Turns: 3473, Time: 00:06:39

HP:   -2/47 (53)    AC:  3    Str: 19      XL:     6   Next: 97%
MP:   8/8           EV: 10    Int:  9 (10) God:    Kikubaaqudgha [***...]
Gold: 143           SH:  5    Dex: 10      Spells: 8/8 levels left

rFire   + . .      SeeInvis .    a - +0 war axe
rCold   + . .      Faith    .    c - +0 buckler
rNeg    . . .      Spirit   .    k - +0 robe
rPois   +          Reflect  .    (no helmet)
rElec   +          Harm     .    (no cloak)
rCorr   +          Rampage  .    g - +0 pair of gloves
Will    .....                    (no boots)
Stlth   +                        (no amulet)
HPRegen 0.27/turn                (no ring)
MPRegen 0.11/turn                (no ring)

@: resistant, heavily drained
A: deterioration 1, sturdy frame 1
a: Renounce Religion, Unearth Wretches


You were on level 4 of the Dungeon.
You worshipped Kikubaaqudgha.
Kikubaaqudgha was most pleased with you.
You visited 1 branch of the dungeon, and saw 4 of its levels.

You collected 143 gold pieces.

Inventory:

Hand Weapons
 a - a +0 war axe (weapon)
Missiles
 i - 17 poisoned darts (quivered)
Armour
 c - a +0 buckler (worn)
 g - a +0 pair of gloves (worn)
 k - a +0 robe (worn)
Wands
 m - a wand of digging (7)
Scrolls
 d - a scroll of torment {unknown}
 e - a scroll of poison {unknown}
 h - 2 scrolls of teleportation {unknown}
 l - a scroll of fog {unknown}
 n - a scroll of fear {unknown}
 o - a scroll of amnesia {unknown}
Potions
 b - a potion of mutation
 f - a potion of resistance
 j - a potion of curing
 p - a potion of degeneration {unknown}


   Skills:
 - Level 4.6 Fighting
 - Level 4.4 Axes
 - Level 3.2 Armour
 - Level 5.0 Shields
 + Level 1.6 Spellcasting
 * Level 3.7 Necromancy


You had 8 spell levels left.
You didn't know any spells.
Your spell library contained the following spells:

 Spells                   Type           Power      Damage    Failure   Level
 Necrotise                Necr           28%        1d5       10%         1
 Kiss of Death            Conj/Necr      16%        2d6       21%         1
 Vampiric Draining        Necr           7%         2d6       28%         3
 Beastly Appendage        Tmut           0%         N/A       41%         1
 Sting                    Tmut/Pois      0%         1d3       41%         1
 Poisonous Vapours        Pois/Air       0%         N/A       54%         2
 Animate Dead             Necr           7%         N/A       67%         4
 Frozen Ramparts          Ice            0%         1d1       78%         3
 Stone Arrow              Conj/Erth      0%         3d7       78%         3
 Anguish                  Hex/Necr       2%         N/A       90%         4
 Agony                    Necr           7%         N/A       95%         5
 Animate Armour           Summ/Erth      0%         N/A       99%         4
 Ice Form                 Ice/Tmut       0%         N/A       99%         4
 Olgreb's Toxic Radiance  Pois           0%         N/A       99%         4
 Summon Ice Beast         Ice/Summ       0%         N/A       99%         4
 Borgnjor's Vile Clutch   Necr/Erth      2%         N/A       99%         5
 Death Channel            Necr           3%         N/A       100%        6
 Lehudib's Crystal Spear  Conj/Erth      0%         10d2      100%        8


Dungeon Overview and Level Annotations

Branches:
Dungeon (4/15)
 Temple: D:4-7

Altars:
Elyvilon
Gozag
Kikubaaqudgha


Innate Abilities, Weirdness & Mutations

Your body sometimes deteriorates upon taking damage.
Your movements are slightly less encumbered by armour. (ER -2)


Message History

The quokka closely misses you. The quokka barely misses you.
You hit the quokka.
You kill the quokka!
Kikubaaqudgha accepts your kill.
You see here a quokka corpse.
The wight attacks as you move away! The wight hits you with a +0 falchion.
You feel drained.
You barely miss the wight. The wight barely misses you.
You hit the wight.
The wight is lightly damaged.
You block the wight's attack.
You hit the wight.
The wight is moderately damaged.
The wight closely misses you. The wight hits you with a +0 falchion!
You feel drained.
You hit the wight but do no damage.
The wight is moderately damaged.
The wight hits you with a +0 falchion.
* * * LOW HITPOINT WARNING * * *
You closely miss the wight.
The wight is moderately damaged.
The wight misses you.
You hit the wight.
The wight is heavily damaged.
You block the wight's attack. The wight hits you with a +0 falchion!
* * * LOW HITPOINT WARNING * * *
You feel drained.
* * * LOW HITPOINT WARNING * * *
Okay, then.
It was a potion of mutation.
You feel extremely strange.
You feel less encumbered by your armour.
You feel yourself wasting away. The wight hits you with a +0 falchion!
* * * LOW HITPOINT WARNING * * *
Your body deteriorates!
You feel dopey.
It was a potion of resistance.
You feel protected. The wight hits you with a +0 falchion!
You die...
Kikubaaqudgha rasps: "You have failed me!
Welcome... death!"

...........##)..#.###
........†..##..##.#
.........####..##.#####
.#........###..##.....#
##........##.###.....#
...=.................#
##..#####..##.###.....#
### ##z##.###.....#
#.@........####
#.<........#
#..........#
#..........#
#..........#
#..........#
#.....<....#
############


You could see a wight.

Vanquished Creatures
  2 scorpions (D:4)
  A hound (D:3)
  A jelly (D:3)
  2 orc priests
  3 adders
  4 gnolls (D:3)
  A worm (D:3)
  2 dart slugs (D:2)
  8 orcs
  8 bats
  12 endoplasms
  A giant cockroach (D:2)
  7 goblins
  11 hobgoblins
  4 jackals (D:4)
  3 quokkas
  9 ball pythons
  A frilled lizard (D:1)
  16 kobolds
  8 rats
104 creatures vanquished.

Vanquished Creatures (others)
  5 fungi
  A plant (D:1)
  7 toadstools (D:3)
13 creatures vanquished.

Grand Total: 117 creatures vanquished

Notes
Turn   | Place    | Note
-------+----------+-------------------------------------------
     0 | D:1      | NinjaNoafa the Hill Orc Fighter began the quest for the
                  | Orb.
     0 | D:1      | Reached XP level 1. HP: 19/19 MP: 1/1
   115 | D:1      | Reached XP level 2. HP: 24/26 MP: 2/2
   555 | D:1      | Found a faded altar of an unknown god.
   581 | D:1      | Got Plato's Atlas of Transmogrification
   582 | D:1      | Prayed at the altar of an unknown god.
   582 | D:1      | Became a worshipper of Kikubaaqudgha
   582 | D:1      | Reached * piety under Kikubaaqudgha
   582 | D:1      | Received a gift from Kikubaaqudgha
   646 | D:2      | Reached XP level 3. HP: 32/33 MP: 3/3
  1057 | D:2      | Reached skill level 1 in Necromancy
  1146 | D:2      | Reached XP level 4. HP: 40/40 MP: 4/4
  1475 | D:3      | Reached ** piety under Kikubaaqudgha
  1525 | D:3      | HP: 1/40 [gnoll/+0 spear (5)]
  1864 | D:3      | Found a white marble altar of Elyvilon.
  1882 | D:3      | Reached skill level 4 in Shields
  2009 | D:3      | Reached XP level 5. HP: 34/46 MP: 5/5
  2597 | D:3      | Reached skill level 5 in Shields
  2605 | D:3      | Reached *** piety under Kikubaaqudgha
  2605 | D:3      | Received a gift from Kikubaaqudgha
  2612 | D:3      | HP: 1/46 [frozen (3)]
  2846 | D:3      | Reached XP level 6. HP: 34/53 MP: 7/7
  2931 | D:3      | Found an opulent altar of Gozag.
  2971 | D:3      | Reached skill level 1 in Spellcasting
  3472 | D:4      | Gained mutation: Your movements are slightly less
                  | encumbered by armour. (ER -2) [potion of mutation]
  3472 | D:4      | Gained mutation: Your body sometimes deteriorates upon
                  | taking damage. [potion of mutation]
  3473 | D:4      | Slain by a wight

Illustrated notes

Levels and vault maps discovered:
D:1:      minmay_arrival_nine_rooms, layout_rooms,
          shapermc_ecumenical_altar_rom_forum, due_unseen_surprise
D:2:      layout_basic
D:3:      cheibrodos_fertilizer, layout_basic, mainiacjoe_overflow_alcove_4,
          elyvilon_altar_5
D:4:      minmay_bubble_buster, layout_rooms, zin_scriptorium,
          minmay_goblin_kobold_house

Skill      XL: |  1  2  3  4  5  6 |
---------------+-------------------+-----
Axes           | 3 4 |  4.4
Fighting       | 4 |  4.6
Necromancy     | 1 2 3 |  3.7
Shields        | 4 5 |  5.0
Spellcasting   | 1 |  1.6
Armour         | |  3.2

Action                     |  1- 3 |  4- 6 || total
---------------------------+-------+-------++-------
  Melee: War axe           |    97 |   166 ||   263
  Throw: Dart              |       |     5 ||     5
    Use: Potion            |       |     5 ||     5
 Armour: Scale mail        |    65 |     2 ||    67
         Robe              |       |    32 ||    32
  Dodge: Dodged            |    73 |   122 ||   195
  Block: Buckler           |    32 |    51 ||    83

Table legend: (Time is in decaauts)
 A = Elapsed time spent in this place.
 B = Non-inter-level travel time spent in this place.
 C = Inter-level travel time spent in this place.
 D = Time resting spent in this place.
 E = Time spent auto-exploring this place.
 F = Levels seen in this place.
 G = Mean time per level.
                   A        B        C        D        E       F      G
               +--------+--------+--------+--------+--------+-----+--------+
         Total |   3562 |   3472 |     90 |     28 |   2611 |   4 |  890.5 |
       Dungeon |   3562 |   3472 |     90 |     28 |   2611 |   4 |  890.5 |
               +--------+--------+--------+--------+--------+-----+--------+

Top non-repeatable levels by time:
     D:3: 1598 daAuts
     D:2: 826 daAuts
     D:1: 657 daAuts
     D:4: 479 daAuts
